 Dungeon Crawl Stone Soup version 0.32-a0-616-g9348d4545b (webtiles) character file.

Game seed: 156818022113508926

109 jasper the Ruffian (level 4, -1/34 HPs)
             Began as a Demonspawn Shapeshifter on Mar 5, 2024.
             Was a Believer of Makhleb.
             Killed from afar by Sigmund (12 damage)
             ... with a puff of flame
             ... on level 3 of the Dungeon.
             The game lasted 00:02:52 (2062 turns).

jasper the Ruffian (Demonspawn Shapeshifter)        Turns: 2062, Time: 00:02:52

Health: -1/34      AC:  2    Str: 16    XL:     4   Next: 59%
Magic:  4/4        EV: 12    Int: 11    God:    Makhleb [**....]
Gold:   209        SH:  0    Dex: 12    Spells: 3/3 levels left

rFire   . .          .
                       - Unarmed
rCold   . . .        (no shield)
rNeg    . . .        a - +0 animal skin
rPois   .            (helmet currently unavailable)
rElec   .            (cloak currently unavailable)
rCorr   .            (gloves currently unavailable)
SInv    .            (boots currently unavailable)
Will    .....        (no amulet)
Stlth   +            (no ring)
HPRegen 0.25/turn    (no ring)
MPRegen 0.09/turn

%: no passive effects
@: beast-form, invisible
A: beast (slay +1), condensation shield
a: Begin Untransformation, Renounce Religion, Minor Destruction


You were on level 3 of the Dungeon.
You worshipped Makhleb.
Makhleb was pleased with you.
You were a hulking beast.
You visited 1 branch of the dungeon, and saw 3 of its levels.

You collected 209 gold pieces.

Inventory:

Missiles
 h - 5 boomerangs (quivered)
 n - 6 stones
 p - 6 poisoned darts
Armour
 a - a +0 animal skin (worn)
 m - a +0 plate armour
 q - a +0 scale mail
Talismans
 c - a beast talisman (active)
 d - a flux talisman
Scrolls
 b - a scroll of revelation {unknown}
 e - a scroll of teleportation {unknown}
 f - 3 scrolls of identify {unknown}
 o - a scroll of fog {unknown}
 r - a scroll of immolation {unknown}
Potions
 g - 3 potions of curing
 j - a potion of enlightenment {unknown}
 k - a potion of heal wounds {unknown}
 l - a potion of brilliance {unknown}


   Skills:
 + Level 2.4 Fighting
 + Level 2.8 Dodging
 + Level 3.4 Unarmed Combat
 - Level 3.0 Shapeshifting


You had 3 spell levels left.
You didn't know any spells.
Your spell library contained the following spells:

 Spells                   Type           Power      Damage    Failure   Level
 Anguish                  Hex/Necr       0%         N/A       98%         4
 Cause Fear               Hex            0%         N/A       98%         4
 Enfeeble                 Hex            0%         N/A       100%        7


Dungeon Overview and Level Annotations

Branches:
Dungeon (3/15)

Altars:
Makhleb

Annotations:
D:3 Jessica, Sigmund


Innate Abilities, Weirdness & Mutations

You are a hulking beast.
Your limbs bulge with bestial killing power. (Slay +1)
A meltable shield of frost defends you. (SH +0)


Message History

Sigmund the Dreaded comes into view.
He is wielding a +0 scythe.
Found a hammer, 10 gold pieces and a scroll labelled RAINIPERGHO.
Search for what [? for help]? talisman Unknown command.
Throw: 5 boomerangs
Press: ? - help, Q - select action, (/) - cycle Shift-Dir - straight line, f - Sigmund
Aim: Sigmund, wielding a +0 scythe and wearing a +0 robe (asleep, 98% to hit)
You throw a boomerang. The boomerang hits Sigmund.
Sigmund shouts!
Sigmund is lightly wounded.
Sigmund says, "Now you see me, now you don't..."
Jessica the Apprentice Sorceress comes into view.
She is wielding a +1 dagger of venom.
Sigmund mumbles some strange words.
Sigmund flickers and vanishes!
Deactivating autopickup; reactivate with Ctrl-A.
There is an open door here.
You close the door.
Okay, then.
You start waiting.
Something unseen opens the door.
Something hits you!
There is an open door, spattered with blood here.
You take 10 damage, and have 24/34 hp.
MASSIVE DAMAGE!!
You hit something. You closely miss something. Something hits you.
You take 3 damage, and have 22/34 hp.
You closely miss something.
It was a potion of invisibility.
You fade into invisibility!
Something hits you.
You take 6 damage, and have 16/34 hp.
You hit something. Something hits you.
You take 5 damage, and have 11/34 hp.
You hit something. You hit something but do no damage.
You hear some strange, mumbled words.
A puff of flame appears from out of thin air!
The puff of flame hits you!
Your condensation shield dissipates!
You die...

#####...#############.#....##.#.
#...>......).....# #########.#.
#...........##...# #....
#...........##...# #....
#...........##...# #....
#...........##...# #....
#......^....##...# #....
#.%.........##...# #....
#...........###h## #....
#...........# #{# #....
####+######## #.# ##... #.#
#.... #.# ###.. #.## #.... #..#
#.... #..# ##### #..# #


There were no monsters in sight!

Vanquished Creatures
  A sleepcap (D:3)
  An orc wizard (D:3)
  An adder (D:2)
  3 ribbon worms (D:3)
  4 orcs (D:3)
  2 endoplasms
  2 giant cockroaches
  2 hobgoblins
  3 quokkas (D:3)
  2 ball pythons (D:2)
  5 bats
  2 frilled lizards
  6 goblins
  A kobold (D:2)
  5 rats
40 creatures vanquished.

Notes
Turn   | Place    | Note
-------+----------+-------------------------------------------
     0 | D:1      | jasper the Demonspawn Shapeshifter began the quest for the
                  | Orb.
     0 | D:1      | Reached XP level 1. HP: 15/15 MP: 1/1
   475 | D:1      | Found a faded altar of an unknown god.
   481 | D:1      | Prayed at the altar of an unknown god.
   481 | D:1      | Became a worshipper of Makhleb the Destroyer
   481 | D:1      | Reached * piety under Makhleb
   493 | D:1      | Gained mutation: A meltable shield of frost defends you.
                  | (SH +0) [demonic ancestry]
   493 | D:1      | Reached XP level 2. HP: 21/21 MP: 2/2
   904 | D:2      | Reached XP level 3. HP: 18/26 MP: 3/3
  1327 | D:3      | Reached ** piety under Makhleb
  1332 | D:3      | Reached XP level 4. HP: 28/34 MP: 4/4
  2038 | D:3      | Noticed Sigmund
  2039 | D:3      | Noticed Jessica
  2062 | D:3      | Killed from afar by Sigmund

Illustrated notes

Levels and vault maps discovered:
D:1:      sevenhm_arrival_forest_fort_small_5, layout_basic,
          dreamdust_ecumenical_altar_angels_and_demons
D:2:      layout_rooms, patterned_corridor
D:3:      layout_basic, uniq_crazy_yiuf_cottage, uniq_jessica, uniq_sigmund

Skill      XL: |  1  2  3 |
---------------+----------+-----
Dodging        | 2 |  2.8
Unarmed Combat | 3 |  3.4
Shapeshifting  | 3 |  3.0
Fighting       | 2 |  2.4

Action                     |  1- 3 |  4- 6 || total
---------------------------+-------+-------++-------
  Melee: Unarmed           |    81 |    57 ||   138
         Punch             |     3 |     3 ||     6
  Throw: Boomerang         |    14 |     6 ||    20
    Use: Potion            |     2 |     1 ||     3
   Stab: Sleeping          |     1 |       ||     1
 Armour: Animal skin       |    37 |    23 ||    60
         Skin              |    10 |       ||    10
  Dodge: Dodged            |    49 |    21 ||    70
  Block: Other             |    13 |     5 ||    18

Table legend: (Time is in decaauts)
 A = Elapsed time spent in this place.
 B = Non-inter-level travel time spent in this place.
 C = Inter-level travel time spent in this place.
 D = Time resting spent in this place.
 E = Time spent auto-exploring this place.
 F = Levels seen in this place.
 G = Mean time per level.
                   A        B        C        D        E       F      G
               +--------+--------+--------+--------+--------+-----+--------+
         Total |   2062 |   2004 |     58 |     70 |   1526 |   3 |  687.3 |
       Dungeon |   2062 |   2004 |     58 |     70 |   1526 |   3 |  687.3 |
               +--------+--------+--------+--------+--------+-----+--------+

Top non-repeatable levels by time:
     D:3: 764 daAuts
     D:2: 663 daAuts
     D:1: 633 daAuts
